 Dungeon Crawl Stone Soup version 0.25.1-2-g60ff931df9 (webtiles) character file.

Game seed: 2051637695937063866

2283 lorenzova the Thaumaturge (level 9, -9/45 HPs)
             Began as a Deep Elf Conjurer on Oct 27, 2020.
             Was an Initiate of Vehumet.
             Shot with a sling bullet by Joseph (13 damage)
             ... on level 7 of the Dungeon on Oct 28, 2020.
             The game lasted 00:10:18 (8113 turns).

lorenzova the Thaumaturge (Deep Elf Conjurer)       Turns: 8113, Time: 00:10:19

Health: -9/45      AC:  8    Str:  5    XL:     9   Next: 16%
Magic:  11/25      EV: 13    Int: 24    God:    Vehumet [......]
Gold:   306        SH:  0    Dex: 15    Spells: 18/29 levels left

rFire    + . .     SeeInvis .   m - +0 short sword (freeze)
rCold    x . .     Gourm    .   (no shield)
rNeg     . . .     Faith    .   x - +0 steam dragon scales
rPois    .         Spirit   .   k - +0 helmet
rElec    .         Reflect  .   (no cloak)
rCorr    .         Harm     .   e - +0 pair of gloves
MR       .....                  z - +0 pair of boots
Stlth    ++........             j - amulet of magic regeneration
HPRegen  0.15/turn              (no ring)
MPRegen  0.44/turn              w - ring of fire

@: marked
A: no striking features
a: Renounce Religion


You were on level 7 of the Dungeon.
You worshipped Vehumet.
Vehumet was noncommittal.
You were not hungry.

You visited 2 branches of the dungeon, and saw 8 of its levels.

You collected 306 gold pieces.

Inventory:

Hand Weapons
 m - a +0 short sword of freezing (weapon)
Armour
 a - a +0 robe
 e - a +0 pair of gloves (worn)
 k - a +0 helmet (worn)
 x - +0 steam dragon scales (worn)
 z - a +0 pair of boots (worn)
Jewellery
 j - an amulet of magic regeneration (around neck)
 o - an uncursed ring of ice
 w - a ring of fire (right hand)
Wands
 u - a wand of flame (52)
Scrolls
 d - a scroll of enchant weapon
 g - 2 scrolls of teleportation
 i - a scroll of remove curse
 s - a scroll of magic mapping {unknown}
 y - 2 scrolls of identify
Potions
 b - a potion of resistance {unknown}
 f - 2 potions of heal wounds {unknown}
 h - 4 potions of curing
 l - 2 potions of degeneration {unknown}
 n - 3 potions of berserk rage
 p - a potion of flight {unknown}
 q - a potion of lignification {unknown}
 t - a potion of ambrosia {unknown}
 v - a potion of invisibility {unknown}
Comestibles
 c - 8 rations
 r - 7 chunks of flesh


   Skills:
 - Level 2.4 Dodging
 - Level 2.4 Stealth
 * Level 10.9 Spellcasting
 * Level 9.9 Conjurations
 + Level 3.6 Hexes
 + Level 2.8 Translocations


You had 18 spell levels left.
You knew the following spells:

 Your Spells              Type           Power        Failure   Level  Hunger
a - Magic Dart            Conj           ####         1%          1    None
b - Searing Ray           Conj           ######       1%          2    None
c - Iskenderun's Mystic   Conj/Tloc      #####...     3%          4    None
d - Fulminant Prism       Conj/Hex       #####.....   3%          4    None

Your spell library contained the following spells:

 Spells                   Type           Power        Failure   Level  Hunger
 Corona                   Hex            ####...      1%          1    None
 Slow                     Hex            ####....     1%          2    None
 Dazzling Flash           Conj/Hex       #####.       1%          3    None
 Portal Projectile        Hex/Tloc       ####..       3%          3    None
 Inner Flame              Hex/Fire       ####....     7%          3    None
 Cause Fear               Hex            ####......   11%         4    None
 Leda's Liquefaction      Hex/Erth       ###.......   22%         4    None


Dungeon Overview and Level Annotations

Branches:
Dungeon (7/15)             Temple (1/1) D:7

Altars:
Fedhas
Hepliaklqana
Kikubaaqudgha
Makhleb
Nemelex Xobeh
Qazlal
Sif Muna
Trog
Uskayaw
Vehumet
The Shining One

Annotations:
D:4 1 runed translucent door, Frank's ghost, amateur DsGl
D:7 Joseph


Message History

Vehumet accepts your kill.
You struggle against the net.
You tear a large gash into the net.
You rip the net and break free!
Joseph shoots a sling bullet.
The sling bullet hits you!
* * * LOW HITPOINT WARNING * * *
The sling bullet freezes you.
* * * LOW HITPOINT WARNING * * *
Unknown command.
Casting: Searing Ray (safe; 1% risk of failure)
Confirm with . or Enter, or press ? or * to list all spells.
Aiming: Searing Ray (safe; 1% risk of failure)
Press: ? - help, Shift-Dir - straight line, f - Joseph
Aim: Joseph, wielding a +5 hunting sling of freezing, wearing a +0 ring mail and quivering 23 sling bullets The searing ray hits Joseph!
Joseph is lightly wounded. (Press . to maintain the ray.) Joseph says, "It's nothing personal."
Joseph shoots a sling bullet.
The sling bullet hits you!
You die...

..###....####.......###.
..............#.###.#
..##..#########.###.#
..##.## #..#...# ..#..#
..#..### .)).## ####
###.## ...## ..... #.#
...)# ......##.# ###.#
.......(@# ###รท###
##..###..)......
.##...###... #..##.....
..###....... #..@ ....
............ ..... ##.
.....#..............
.....................
((........_...........
...................


You could see Joseph.

Vanquished Creatures
  Harold (D:7)
  Maggie (D:6)
  Duvessa (D:5)
  2 ice beasts
  A centaur (D:7)
  2 bullfrogs
  Dowan (D:5)
  2 scorpions
  A howler monkey (D:6)
  2 crimson imps (D:7)
  A centaur zombie (D:5)
  3 hounds
  2 jellies
  A centaur skeleton (D:4)
  3 orc wizards
  2 iguanas
  5 worker ants
  3 adders
  A gnoll (D:3)
  A shadow imp (D:6)
  An ooze (D:1)
  A worm (D:3)
  3 dart slugs
  6 leopard geckos
  7 orcs
  4 ball pythons
  5 giant cockroaches
  7 goblins
  6 hobgoblins
  A quokka (D:7)
  11 bats
  6 frilled lizards
  2 jackal skeletons (D:4)
  6 kobolds
  A leopard gecko zombie (D:5)
  8 rats
111 creatures vanquished.

Notes
Turn   | Place    | Note
-------+----------+-------------------------------------------
     0 | D:1      | lorenzova the Deep Elf Conjurer began the quest for the
                  | Orb.
     0 | D:1      | Reached XP level 1. HP: 10/10 MP: 6/6
   184 | D:1      | Reached XP level 2. HP: 15/15 MP: 5/8
   414 | D:1      | Learned a level 2 spell: Searing Ray
   606 | D:1      | Reached skill level 4 in Spellcasting
   606 | D:1      | Reached skill level 5 in Conjurations
   606 | D:1      | Reached XP level 3. HP: 19/19 MP: 1/10
  2466 | D:2      | Reached skill level 5 in Spellcasting
  2466 | D:2      | Reached XP level 4. HP: 16/24 MP: 7/13
  2907 | D:3      | Reached XP level 5. HP: 28/28 MP: 6/14
  3781 | D:4      | Reached skill level 6 in Spellcasting
  3876 | D:4      | Reached XP level 6. HP: 32/32 MP: 13/17
  3963 | D:4      | Found a runed translucent door.
  4036 | D:4      | Noticed Frank's ghost (amateur DsGl)
  4425 | D:5      | Entered Level 5 of the Dungeon
  4428 | D:5      | Noticed an ice beast
  4437 | D:5      | Killed an ice beast
  4570 | D:5      | Reached skill level 7 in Spellcasting
  4676 | D:5      | Reached XP level 7. HP: 36/36 MP: 15/20
  4804 | D:5      | Noticed Duvessa
  4804 | D:5      | Noticed Dowan
  4826 | D:5      | Killed Dowan
  5487 | D:5      | Killed Duvessa
  5487 | D:5      | Reached skill level 8 in Spellcasting
  6325 | D:6      | Noticed Maggie
  6336 | D:6      | Killed Maggie
  6336 | D:6      | Reached skill level 9 in Spellcasting
  6336 | D:6      | Reached XP level 8. HP: 30/41 MP: 13/23
  6436 | D:6      | Learned a level 4 spell: Iskenderun's Mystic Blast
  6441 | D:6      | Learned a level 4 spell: Fulminant Prism
  6789 | D:7      | Found a staircase to the Ecumenical Temple.
  6798 | Temple   | Entered the Ecumenical Temple
  6873 | Temple   | Became a worshipper of Vehumet
  6925 | D:7      | Noticed Joseph
  7826 | D:7      | Found a hazy altar of Hepliaklqana.
  7839 | D:7      | Reached skill level 1 in Hexes
  7850 | D:7      | Reached skill level 1 in Translocations
  7987 | D:7      | Reached skill level 10 in Spellcasting
  8093 | D:7      | Noticed Harold
  8106 | D:7      | Killed Harold
  8106 | D:7      | Reached XP level 9. HP: 12/45 MP: 15/25
  8113 | D:7      | Shot with a sling bullet by Joseph

Illustrated notes

Levels and vault maps discovered:
D:1:      tarquinn_simple_flora_water_a, layout_rooms
D:2:      layout_basic, serial_corexii_hall, chequers_hall_statues_corner_a,
          corexii_hall_statues_s, first_ration, minmay_tripent
D:3:      layout_loops_ring, cheibrodos_gnoll_hut
D:4:      layout_basic, serial_rivers, chequers_serial_rivers_micro_a,
          chequers_serial_rivers_micro_b, chequers_serial_rivers_micro_c,
          chequers_serial_rivers_micro_a, chequers_serial_rivers_room_b,
          ebering_ghost_sewer_d
D:5:      layout_loops_ring, uniq_duvessa
D:6:      layout_loops_ring, uniq_maggie
D:7:      layout_rooms, minmay_temple_entry_statues_fountains, basic_altar,
          nicolae_zen_rock_garden, uniq_joseph, uniq_menkaure, uniq_harold
Temple:   minmay_crystal_snake_temple

Skill      XL: |  1  2  3  4  5  6  7  8 |
---------------+-------------------------+-----
Spellcasting   | 4 5 6 7 9 10 | 10.9
Conjurations   | 5 6 7 8 9 |  9.9
Hexes          | 3 |  3.6
Translocations | 2 |  2.8
Dodging        | |  2.4
Stealth        | |  2.4

Action                   |  1- 3 |  4- 6 |  7- 9 || total
-------------------------+-------+-------+-------++-------
 Cast: Magic Dart        |    94 |    61 |    46 ||   201
       Searing Ray       |     1 |    10 |    28 ||    39
  Use: Scroll            |     6 |     4 |     1 ||    11
  Eat: Chunk             |     4 |     7 |    10 ||    21
Armor: Robe              |     1 |     1 |     3 ||     5
       Steam dragon scal |       |       |     2 ||     2
Dodge: Dodged            |    10 |    10 |    15 ||    35
